 Dungeon Crawl Stone Soup version 0.23.2-1-ga50397a6bc (webtiles) character file.

Game seed: 15144306878910853662

123 OneEyedShark the Skirmisher (level 4, -3/40 HPs)
             Began as a Draconian Abyssal Knight on May 28, 2019.
             Was a Believer of Lugonu.
             Slain by Grinder (10 damage)
             ... on level 3 of the Dungeon.
             The game lasted 00:06:22 (2124 turns).

OneEyedShark the Skirmisher (DrAK)                  Turns: 2124, Time: 00:06:22

Health: -3/40      AC:  9    Str: 15    XL:     4   Next: 79%
Magic:  6/6        EV: 13    Int: 12    God:    Lugonu [**....]
Gold:   107        SH:  0    Dex: 11    Spells: 3/3 levels left

rFire    . . .     SeeInvis .   a - +1 mace
rCold    . . .     Gourm    .   (no shield)
rNeg     . . .     Faith    .   (armour unavailable)
rPois    .         Spirit   .   (helmet restricted)
rElec    .         Reflect  .   m - +1 cloak {MR+}
rCorr    .         Harm     .   l - +0 pair of gloves
MR       +++..                  h - +0 pair of boots
Stlth    +.........             (no amulet)
HPRegen  0.13/turn              n - ring of protection from magic
MPRegen  0.10/turn              o - ring of protection from magic

@: no status effects
A: unfitting armour, cold-blooded, AC +5
a: Depart the Abyss, Bend Space, Renounce Religion


You were on level 3 of the Dungeon.
You worshipped Lugonu.
Lugonu was pleased with you.
You were not hungry.

You visited 1 branch of the dungeon, and saw 3 of its levels.
You visited the Abyss 1 time.

You collected 107 gold pieces.

Inventory:

Hand Weapons
 a - a +1 mace (weapon)
Armour
 h - a +0 pair of boots (worn)
 l - a +0 pair of gloves (worn)
 m - a +1 cloak of magic resistance (worn)
Jewellery
 n - a ring of protection from magic (left hand)
 o - a ring of protection from magic (right hand)
Scrolls
 d - a scroll of blinking {unknown}
 e - 2 scrolls of remove curse {unknown}
 g - 2 scrolls of fear {unknown}
 j - 2 scrolls of magic mapping {unknown}
 k - 4 scrolls of identify {unknown}
 p - 2 scrolls of teleportation {unknown}
 r - a scroll of amnesia {unknown}
Potions
 f - 4 potions of curing {unknown}
 q - a potion of mutation {unknown}
Comestibles
 b - 6 rations


   Skills:
 + Level 4.2 Fighting
 + Level 3.0 Maces & Flails
 + Level 2.9 Dodging
 + Level 3.1 Invocations


You had 3 spell levels left.
You didn't know any spells.
Your spell library was empty.

Dungeon Overview and Level Annotations

Branches:
Dungeon (3/15)

Altars:
Nemelex Xobeh
Xom

Annotations:
D:3 Grinder


Innate Abilities, Weirdness & Mutations

Your plain brown scales are hard. (AC +5)
You cannot fit into any form of body armour.
You are cold-blooded and may be slowed by cold attacks.


Message History

* * * LOW HITPOINT WARNING * * *
You writhe in agony.
* * * LOW HITPOINT WARNING * * *
The hobgoblin throws a stone.
The stone hits you but does no damage. The adder barely misses you.
You are confused.
You feel invigorated. Grinder barely misses you. The rat bites you.
* * * LOW HITPOINT WARNING * * *
The hobgoblin throws a stone.
The stone barely misses you. The adder barely misses you.
You're too confused to move!
Grinder hits you.
* * * LOW HITPOINT WARNING * * *
You writhe in agony.
* * * LOW HITPOINT WARNING * * *
The rat bites you but does no damage. The adder bites you.
* * * LOW HITPOINT WARNING * * *
You feel less invigorated.
You feel less confused. The adder closely misses you. Grinder hits you!
You die...

......... ..## #.#+#####
... #.# ######## #.#
###......#
#.#......(...###
...............#########
#.#####......#.........#
#............#.........#
#######......##S@......#
#####......##(5......#
#..........##r.......#
#..........##........#
#..........##...g....#
#.....#######.....[..#
#.....# ..........
###..[..# ..##......
........# ..# .....


You could see Grinder, an adder, a hobgoblin and a rat.

Vanquished Creatures
  Crazy Yiuf (D:2)
  A worker ant (D:2)
  An adder (D:2)
  An ooze (D:2)
  A worm (D:2)
  2 leopard geckos
  4 bats
  2 giant cockroaches
  9 hobgoblins
  6 jackals
  6 kobolds
  3 frilled lizards (D:1)
  5 goblins
  11 rats
53 creatures vanquished.

Notes
Turn   | Place    | Note
-------+----------+-------------------------------------------
     0 | Abyss:1  | OneEyedShark the Draconian Abyssal Knight began the quest
                  | for the Orb.
     0 | Abyss:1  | Reached XP level 1. HP: 19/19 MP: 2/2
    20 | D:1      | Escaped the Abyss
   149 | D:1      | Reached XP level 2. HP: 18/26 MP: 3/3
   196 | D:1      | Reached ** piety under Lugonu
   750 | D:1      | Reached XP level 3. HP: 27/33 MP: 4/4
   911 | D:2      | Found a runed translucent door.
   912 | D:2      | Noticed Crazy Yiuf
   925 | D:2      | Killed Crazy Yiuf
   925 | D:2      | Reached skill level 4 in Fighting
  1225 | D:2      | Reached XP level 4. HP: 29/40 MP: 6/6
  1307 | D:2      | Found a sparkling altar of Nemelex Xobeh.
  1883 | D:2      | Found a shimmering altar of Xom.
  2112 | D:3      | Noticed Grinder
  2124 | D:3      | Slain by Grinder

Skill      XL: |  1  2  3  4 |
---------------+-------------+-----
Fighting       | 4 |  4.2
Invocations    | 3 |  3.1
Maces & Flails | 3 |  3.0
Dodging        | |  2.9

Action                   |  1- 3 |  4- 6 || total
-------------------------+-------+-------++-------
Melee: Mace              |   110 |    76 ||   186
       Tailslap          |     9 |     3 ||    12
  Use: Potion            |     1 |     1 ||     2
 Stab: Invisible         |     1 |       ||     1
  Eat: Chunk             |     1 |     3 ||     4
Armor: Skin              |    56 |    45 ||   101
Dodge: Dodged            |    98 |    61 ||   159
